Map: Apotheosis LE

Players

viOLet - Winner!

  • Race: Zerg Zerg

Kelazhur

  • Race: Terran Terran

Event: 2016 WCS Summer Circuit Championship (DH Montreal)

VOD

https://www.youtube.com/watch?v=g7tc307Eugc

Description

Time

  • Played on: Aug. 12, 2016, 7:52 p.m.
  • Length: 19:25

All games in this series

Show
View Real Time Build Order
Export as new Build Order

viOLet Zerg - Winner!

Build Orders: Hatch First 

Get SALT Encoding   

  12  0:00  Drone  
  13  0:12  Overlord  
  13  0:17  Drone  
  14  0:30  Drone x2  
  14  0:35  Drone  
  17  0:52  Hatchery  
  17  0:55  Drone  
  17  0:58  Drone  
  18  1:09  Extractor  
  17  1:13  Spawning Pool  
  17  1:17  Drone  
  17  1:20  Drone  
  18  1:29  Drone  
  19  1:40  Overlord  
  19  1:59  Queen  
  19  2:00  Zergling x4  
  23  2:03  Queen  
  23  2:04  Zergling x2  
  23  2:08  Metabolic Boost  
  26  2:12  Drone  
  26  2:15  Drone  
  28  2:25  Drone  
  28  2:27  Drone  
  30  2:35  Queen  
  31  2:43  Queen  
  33  2:45  Overlord  
  33  2:47  Overlord  
  33  2:52  Drone x2  
  33  2:58  Drone  
  36  3:03  Drone  
  36  3:05  Drone  
  38  3:07  Drone  
  38  3:08  Drone  
  38  3:09  Drone x2  
  42  3:15  Zergling x4  
  42  3:16  Zergling x2  
  45  3:20  Zergling x2  
  45  3:24  Zergling x2  
  47  3:34  Hatchery  
  47  3:40  Drone x3  
  49  3:47  Drone x2  
  51  3:49  Drone  
  51  3:53  Overlord x2  
  52  4:07  Overlord  
  51  4:13  Drone  
  51  4:14  Drone x3  
  51  4:15  Queen x2  
  58  4:21  Evolution Chamber  
  58  4:22  Evolution Chamber  
  56  4:27  Drone x7  
  63  4:33  Spore Crawler  
  62  4:39  Drone  
  62  4:44  Zergling x2  
  64  4:47  Zerg Ground Armor Level 1, Zerg Melee Weapons Level 1  
  64  4:48  Zergling x2  
  64  4:51  Spore Crawler  
  65  4:52  Zergling x2  
  65  4:53  Zergling x2  
  65  4:55  Zergling x2  
  65  4:57  Zergling x4  
  69  5:01  Overlord  
  69  5:02  Zergling x2  
  70  5:07  Zergling x4  
  70  5:08  Zergling x4  
  70  5:11  Zergling x2  
  73  5:15  Zergling x2  
  71  5:23  Zergling x12  
  71  5:26  Queen x2  
  81  5:35  Overlord  
  81  5:36  Overlord x3  
  78  5:47  Zergling x8  
  82  5:54  Zergling x10  
  82  5:55  Queen  
  89  6:01  Hatchery, Queen, Zergling x2  
  89  6:02  Zergling x4  
  91  6:10  Zergling x10  
  96  6:14  Extractor, Lair  
  96  6:15  Extractor  
  94  6:26  Drone x5  
  94  6:27  Drone  
  94  6:30  Zergling x2  
  94  6:31  Zergling x4  
  101  6:34  Overlord  
  101  6:36  Zergling x2  
  101  6:38  Overlord  
  101  6:39  Baneling Nest  
  101  6:48  Drone x3  
  101  6:49  Drone x2  
  101  6:54  Zergling x4  
  105  6:56  Zergling x2  
  105  7:02  Zergling x10  
  105  7:05  Zergling x6  
  113  7:13  Zergling x2  
  113  7:16  Zergling x2  
  113  7:17  Zergling x4  
  113  7:18  Zerg Ground Armor Level 2, Zerg Melee Weapons Level 2  
  113  7:22  Zergling x6  
  119  7:24  Zergling x2  
  119  7:25  Queen  
  119  7:29  Zergling x12  
  128  7:30  Centrifical Hooks  
  123  7:40  Zergling x2  
  123  7:41  Zergling x8  
  123  7:42  Overlord  
  128  7:49  Overlord x2  
  128  7:55  Extractor  
  128  7:56  Extractor  
  128  7:57  Extractor  
  124  8:04  Drone x3  
  124  8:05  Drone x4  
  130  8:06  Drone x3  
  134  8:13  Overlord x5  
  134  8:18  Zergling x2  
  134  8:19  Zergling x10  
  129  8:27  Zergling x2  
  129  8:28  Zergling x8  
  129  8:32  Zergling x6  
  129  8:33  Zergling x2  
  131  8:36  Zergling x2  
  128  8:41  Zergling x2  
  128  8:46  Zergling x6  
  123  9:01  Spire  
  121  9:03  Drone  
  121  9:04  Drone x10  
  130  9:13  Baneling x5  
  130  9:14  Baneling x11  
  130  9:15  Baneling  
  127  9:18  Drone x9  
  136  9:31  Overseer  
  136  9:39  Overlord  
  136  9:40  Zergling x14  
  143  9:58  Zergling x2  
  143  9:59  Zergling x8  
  149  10:00  Zergling x4  
  149  10:01  Zergling x2  
  148  10:08  Zergling x2  
  148  10:09  Zergling x10  
  148  10:12  Zergling x2  
  126  10:16  Zergling x4  
  111  10:25  Zerg Flyer Weapons Level 1  
  111  10:29  Infestation Pit  
  111  10:32  Mutalisk x7  
  111  10:33  Mutalisk x6  
  136  10:35  Baneling  
  136  10:36  Baneling x3  
  136  10:37  Baneling  
  132  10:50  Zergling x18  
  137  10:59  Zergling x16  
  137  11:00  Baneling x10  
  137  11:01  Baneling x3  
  142  11:15  Zergling x16  
  142  11:18  Hive  
  147  11:23  Zergling x8  
  147  11:24  Zergling x2  
  146  11:26  Hatchery  
  146  11:27  Zergling x2  
  146  11:28  Zergling x4  
  146  11:29  Pneumatized Carapace  
  146  11:30  Overseer  
  146  11:31  Overseer  
  149  11:32  Zergling x2  
  149  11:33  Zergling x10  
  152  11:52  Zergling x8  
  133  11:56  Zergling x16  
  133  12:01  Drone x7  
  141  12:17  Baneling x11  
  141  12:18  Overseer  
  141  12:20  Overseer  
  141  12:29  Zergling x2  
  143  12:30  Zergling x28  
  156  12:39  Zerg Melee Weapons Level 3, Zerg Ground Armor Level 3  
  156  12:42  Adrenal Glands  
  156  12:51  Zergling x26  
  158  13:10  Zergling x2  
  158  13:11  Zergling x18  
  136  13:15  Zergling x4  
  136  13:16  Zergling x2  
  136  13:17  Zergling x8  
  131  13:21  Zergling x6  
  134  13:27  Zergling x8  
  134  13:32  Zergling x6  
  134  13:36  Zergling x8  
  134  13:41  Ultralisk Cavern  
  122  13:43  Drone  
  122  13:44  Drone x7  
  125  13:54  Drone  
  125  13:55  Drone x4  
  130  14:01  Baneling x2  
  130  14:02  Baneling x5  
  121  14:20  Drone  
  121  14:21  Drone x7  
  116  14:32  Chitinous Plating  
  116  14:34  Ultralisk x2  
  116  14:42  Zergling x16  
  124  14:50  Ultralisk  
  130  15:01  Corruptor x3  
  136  15:09  Ultralisk  
  136  15:14  Overlord x2  
  130  15:31  Corruptor  
  130  15:32  Corruptor  
  134  15:40  Overlord x5  
  133  15:46  Corruptor x2  
  133  16:07  Hatchery  
  133  16:09  Zergling x2  
  133  16:10  Zergling x24  
  145  16:15  Overseer  
  145  16:17  Zergling x10  
  150  16:23  Ultralisk  
  150  16:24  Corruptor  
  158  16:35  Baneling x7  
  155  16:51  Ultralisk x2  
  167  17:03  Ultralisk  
  167  17:04  Overlord x2  
  172  17:15  Zergling x4, Ultralisk  
  164  17:22  Zergling x16  
  157  17:23  Zergling x8  
  161  17:32  Zergling x10  
  166  17:43  Zergling x6  
  166  17:44  Zergling x8  
  170  17:51  Zergling x2  
  170  17:52  Zergling x12  
  169  17:59  Zergling x8  
  169  18:06  Corruptor x2  
  169  18:09  Zergling x6  
  172  18:20  Hatchery, Zergling x2  
  172  18:21  Zergling x10  
  171  18:28  Ultralisk x2  
  171  18:29  Zergling x4  
  167  18:36  Ultralisk  
  167  18:40  Zergling x4  
  172  18:42  Zergling x2  
  172  18:43  Zergling x16  
  179  18:56  Overlord x2  
  179  18:57  Zergling x2  
  180  19:09  Baneling x7  
  180  19:10  Baneling  
Show
View Real Time Build Order
Export as new Build Order

Kelazhur Terran 

Build Orders: Reaper Expand, MMM Bio 

Get SALT Encoding   

  12  0:00  SCV  
  13  0:12  SCV  
  14  0:17  Supply Depot  
  14  0:24  SCV  
  15  0:39  SCV  
  15  0:40  Barracks  
  16  0:44  Refinery  
  16  0:51  SCV  
  17  1:03  SCV  
  18  1:15  SCV  
  19  1:27  Orbital Command  
  19  1:28  Reaper  
  20  1:40  Command Center  
  20  1:50  Barracks  
  20  1:54  SCV  
  20  2:00  Barracks Reactor  
  21  2:04  Supply Depot  
  21  2:08  SCV  
  22  2:14  Refinery  
  22  2:20  SCV  
  23  2:24  Factory  
  23  2:32  SCV  
  24  2:37  Marine  
  24  2:38  Barracks Tech Lab, Marine  
  26  2:45  SCV  
  27  2:52  Orbital Command  
  27  2:57  Marine x2  
  27  2:58  SCV  
  30  3:02  Stimpack  
  30  3:08  Marine  
  30  3:11  SCV  
  32  3:17  Marine x2  
  34  3:22  SCV  
  34  3:23  SCV  
  36  3:27  Starport  
  36  3:29  Factory Reactor  
  36  3:34  Marine, SCV  
  36  3:35  Marine  
  36  3:37  Marine  
  36  3:40  SCV  
  40  3:45  Supply Depot  
  40  3:46  SCV  
  41  3:53  Marine x2  
  41  3:55  SCV  
  44  3:58  SCV  
  45  4:07  Supply Depot  
  45  4:10  SCV  
  45  4:11  Marine  
  45  4:12  Marine x2  
  45  4:15  Medivac x2  
  52  4:17  Supply Depot  
  52  4:19  SCV  
  52  4:21  Supply Depot  
  52  4:22  SCV  
  54  4:31  Factory Tech Lab  
  54  4:34  Refinery  
  54  4:38  Marine x3  
  54  4:39  SCV x2  
  54  4:41  Supply Depot  
  54  4:44  Supply Depot  
  59  4:51  SCV  
  60  4:57  SCV  
  61  5:03  SCV  
  61  5:06  Marine  
  61  5:07  Marine x2  
  63  5:10  SCV  
  55  5:15  SCV  
  52  5:22  SCV  
  52  5:23  Siege Tank  
  52  5:24  Marine x3  
  52  5:28  SCV  
  60  5:33  Command Center  
  60  5:35  Supply Depot, SCV  
  61  5:40  SCV  
  61  5:42  Marine  
  62  5:45  Marine x2  
  62  5:47  Combat Shields, SCV  
  63  5:52  SCV  
  63  5:56  Siege Tank  
  67  5:59  SCV  
  67  6:00  Marine  
  67  6:03  Marine x2  
  71  6:04  SCV  
  71  6:11  SCV  
  72  6:16  SCV  
  72  6:17  Engineering Bay x2  
  73  6:22  Marine  
  73  6:23  Marine, SCV  
  73  6:24  Marine  
  77  6:28  SCV  
  78  6:35  SCV  
  78  6:38  Liberator x2  
  79  6:40  Marine x2, SCV  
  79  6:42  Marine  
  83  6:51  Orbital Command, SCV  
  83  6:52  SCV  
  85  6:54  Terran Infantry Armor Level 1, Terran Infantry Weapons Level 1  
  85  6:58  Marine x2  
  93  7:03  Factory Reactor, SCV  
  93  7:05  Refinery  
  93  7:06  Marine  
  95  7:14  SCV  
  96  7:16  Marine x2  
  98  7:23  Marine  
  98  7:24  Barracks  
  98  7:25  Barracks  
  98  7:26  Barracks  
  99  7:31  SCV  
  99  7:34  Marine x2  
  99  7:37  Orbital Command  
  99  7:38  SCV  
  99  7:41  Marine  
  99  7:47  SCV  
  99  7:50  SCV  
  101  7:51  Marine  
  101  7:52  Marine  
  101  7:55  Armory  
  103  7:59  Marine  
  103  8:02  SCV x2  
  106  8:09  Marine  
  106  8:10  SCV  
  108  8:14  SCV  
  108  8:17  Refinery  
  108  8:18  Barracks Reactor x2  
  109  8:20  Barracks Reactor  
  109  8:22  Supply Depot, Barracks x2  
  109  8:23  Barracks  
  109  8:24  Supply Depot  
  109  8:26  SCV  
  108  8:27  Marine  
  108  8:30  Marine  
  108  8:32  Medivac  
  109  8:37  Medivac  
  109  8:44  SCV x3  
  110  8:50  Widow Mine x2  
  110  8:52  Terran Infantry Weapons Level 2  
  110  8:53  Marine, Terran Infantry Armor Level 2  
  110  8:55  Marine  
  116  8:57  Marine  
  117  9:06  Supply Depot, Marine  
  115  9:13  Barracks Tech Lab x2, Marine  
  115  9:14  Supply Depot, Barracks Reactor, Marine, Marauder  
  115  9:16  Medivac x2  
  120  9:21  Marine x4  
  124  9:30  Widow Mine x2  
  124  9:31  Marine x5  
  128  9:36  Supply Depot, Marine, Marauder  
  136  9:39  Marine  
  135  9:48  Supply Depot  
  135  9:49  Medivac  
  135  9:50  Medivac, Marauder  
  141  9:57  Marine  
  141  9:58  Marauder  
  141  9:59  Marauder  
  146  10:02  Marine  
  116  10:17  Marine x10  
  116  10:19  Widow Mine x2, Marine x2  
  109  10:26  Marauder  
  111  10:30  Missile Turret  
  111  10:36  Command Center, Marauder  
  111  10:37  Marine x7  
  111  10:38  Marine  
  121  10:52  Marine x2, Marauder  
  121  10:53  Widow Mine x2, Marauder  
  131  10:58  Marine x7  
  134  11:15  Marine  
  134  11:16  Marauder x2  
  134  11:17  Liberator x2, Marine x4  
  134  11:18  Terran Infantry Weapons Level 3, Marine x3  
  131  11:21  Widow Mine x2, Neosteel Frame  
  123  11:26  Marine  
  122  11:37  Refinery  
  127  11:50  SCV x3  
  127  11:51  Marine  
  127  11:52  Marine, Marauder x2  
  120  11:58  Marine  
  120  11:59  Marauder  
  119  12:06  Planetary Fortress  
  119  12:08  Missile Turret, Marine  
  113  12:09  Marine x3  
  113  12:10  Liberator, Marine  
  113  12:13  Marauder  
  113  12:15  Liberator  
  119  12:17  SCV x3  
  119  12:19  Marine x4  
  126  12:25  Widow Mine x2  
  136  12:35  Missile Turret  
  136  12:36  Marine x3  
  139  12:40  Terran Infantry Armor Level 3  
  139  12:46  SCV x3  
  139  12:48  SCV  
  139  12:49  Marine  
  139  12:50  Marine, Marauder x2  
  139  12:51  Marine  
  149  12:52  Marine  
  149  12:56  Marine  
  149  12:57  Liberator  
  149  12:58  Marine x2, SCV x2  
  123  13:13  Widow Mine x2  
  123  13:14  Marine  
  119  13:21  Marine  
  119  13:26  Marine x11  
  129  13:32  Marine  
  130  13:39  Marine  
  120  13:44  Marine  
  120  13:45  Marauder  
  120  13:49  Marine x7, Marauder x2  
  120  13:51  Command Center  
  128  14:02  Marine  
  128  14:06  Marauder  
  128  14:08  Widow Mine x2  
  126  14:11  Marauder  
  126  14:13  Marine  
  126  14:16  Marine x4  
  126  14:17  Marine x3  
  123  14:22  Starport Reactor  
  118  14:25  Marine x2  
  118  14:26  Marauder  
  118  14:27  Marine  
  118  14:31  Marine  
  113  14:32  Marine  
  113  14:34  Marine x4  
  113  14:36  Widow Mine x2  
  123  14:44  Starport  
  123  14:45  Starport, Marauder  
  125  14:48  Liberator x2, Marine  
  125  14:49  Marine, Marauder  
  125  14:51  Marauder  
  131  14:54  Marine  
  131  14:55  Marine  
  131  14:58  Marine  
  134  15:05  Widow Mine x2  
  144  15:16  Marauder  
  146  15:21  Marine  
  146  15:24  Liberator x2  
  142  15:30  Marine  
  142  15:31  Marine x2, Marauder  
  142  15:33  Widow Mine x2  
  151  15:41  Liberator x2  
  149  15:43  Missile Turret  
  149  15:49  Marine x7  
  149  15:50  Marauder  
  149  15:51  Marine, Marauder  
  163  16:05  Marine  
  163  16:06  Planetary Fortress, Marauder  
  163  16:07  Liberator x2  
  163  16:08  Marine x4, Hi-Sec Auto Tracking  
  163  16:09  Marine x3  
  173  16:13  Refinery  
  179  16:27  Liberator  
  176  16:40  Liberator  
  175  16:49  Liberator  
  175  16:57  Refinery  
  175  16:59  Command Center  
  178  17:06  Liberator  
  160  17:18  Marauder  
  160  17:21  Marine x5, Marauder x2  
  160  17:22  Marine x2  
  157  17:31  Medivac  
  147  17:39  Marauder  
  147  17:42  Marauder  
  147  17:43  Marauder  
  137  17:45  Marine x6  
  137  17:48  Medivac  
  140  18:01  Marauder  
  124  18:07  Marine, Marauder x2  
  124  18:08  Marine x3, Medivac  
  124  18:11  Command Center  
  116  18:22  Marauder  
  95  18:28  Marauder  
  95  18:29  Marauder  
  95  18:32  Marine  
  95  18:33  Marine x5  
Tags
 
Add a new tag
Caveats
  • Supply blocks, unpowered buildings, or Contaminate may cause inaccurate times.
  • Supply counts are checked every 10 seconds.